 Dungeon Crawl Stone Soup version 0.27-a0-1245-g940ed4fa31 (webtiles) character file.

Game seed: 18386332769507848018

996 deletemesenpai the Cleaver (level 8, 0/67 HPs)
             Began as a Hill Orc Fighter on June 9, 2021.
             Was an Initiate of Beogh.
             Succumbed to a water moccasin's poison
             ... on level 7 of the Dungeon.
             The game lasted 00:17:03 (6995 turns).

deletemesenpai the Cleaver (Hill Orc Fighter)       Turns: 6995, Time: 00:17:03

Health: 0/67       AC: 12    Str: 19    XL:     8   Next: 19%
Magic:  8/8        EV:  5    Int:  8    God:    Beogh [......]
Gold:   236        SH: 10    Dex: 12    Spells: 7/7 levels left

rFire    . . .     SeeInvis .   a - +0 war axe
rCold    . . .     Faith    .   c - +0 kite shield
rNeg     . . .     Spirit   .   l - +0 chain mail
rPois    .         Reflect  .   t - +0 helmet
rElec    .         Harm     .   F - scarf {repulsion}
rCorr    .         Rampage  .   (no gloves)
Will     .....                  q - +0 pair of boots
Stlth    ..........             (no amulet)
HPRegen  0.21/turn              (no ring)
MPRegen  0.11/turn              (no ring)

@: lethally poisoned (0 -> -8), repel missiles
A: no striking features
a: Renounce Religion


You were on level 7 of the Dungeon.
You worshipped Beogh.
Beogh was noncommittal.
You visited 1 branch of the dungeon, and saw 7 of its levels.

You collected 236 gold pieces.

Inventory:

Hand Weapons
 a - a +0 war axe (weapon)
 n - a +2 whip of venom
Missiles
 m - 2 javelins
 p - 42 poisoned darts (quivered)
 s - 7 boomerangs
 B - a throwing net
Armour
 c - a +0 kite shield (worn)
 l - a +0 chain mail (worn)
 q - a +0 pair of boots (worn)
 t - a +0 helmet (worn)
 u - a +0 cloak
 F - a scarf of repulsion (worn)
Jewellery
 C - a ring of magical power
 D - a ring of wizardry
Wands
 d - a wand of digging (6)
 x - a wand of iceblast (9)
Scrolls
 b - a scroll of noise {unknown}
 f - 2 scrolls of magic mapping {unknown}
 g - 2 scrolls of enchant weapon {unknown}
 o - a scroll of brand weapon {unknown}
 v - a scroll of enchant armour {unknown}
 w - 3 scrolls of identify {unknown}
 y - a scroll of holy word {unknown}
 z - 2 scrolls of blinking {unknown}
 A - a scroll of amnesia {unknown}
 E - 2 scrolls of teleportation {unknown}
Potions
 e - 2 potions of resistance {unknown}
 h - a potion of curing {unknown}
 i - 4 potions of lignification {unknown}
 j - a potion of flight {unknown}
 k - 2 potions of attraction {unknown}
 r - 2 potions of heal wounds {unknown}
 G - a potion of mutation {unknown}
 H - a potion of haste {unknown}


   Skills:
 + Level 4.9 Fighting
 * Level 8.7 Axes
 + Level 1.2 Throwing
 + Level 5.1 Armour
 * Level 5.9 Shields


You had 7 spell levels left.
You didn't know any spells.
Your spell library contained the following spells:

 Spells                   Type           Power      Damage    Failure   Level
 Shock                    Conj/Air       0%         1d3       100%        1
 Static Discharge         Conj/Air       0%         N/A       100%        2
 Swiftness                Air            0%         N/A       100%        3
 Airstrike                Air            0%         N/A       100%        4
 Irradiate                Conj/Tmut      0%         3d14      100%        5
 Lightning Bolt           Conj/Air       0%         1d11      100%        5
 Blade Hands              Tmut           0%         N/A       100%        6
 Statue Form              Tmut/Erth      0%         N/A       100%        6
 Dragon Form              Tmut           0%         N/A       100%        7
 Storm Form               Tmut/Air       0%         N/A       100%        7


Dungeon Overview and Level Annotations

Branches:
Dungeon (7/15)             Temple (0/1) D:5

Altars:
Gozag
Hepliaklqana
Qazlal

Shops:
D:2 *   D:3 =   D:6 (


Message History

The water moccasin bites you.
You closely miss the water moccasin.
The water moccasin is lightly wounded.
You completely miss the orc.
You feel sick. The water moccasin bites you.
You are more poisoned.
The water moccasin poisons you! The orc hits you with a +0 mace.
The water moccasin barely misses you. The orc hits you but does no damage.
You barely miss the water moccasin.
The water moccasin is lightly wounded.
You hit the orc.
You feel very sick.
The water moccasin bites you but does no damage.
You block the orc's attack.
The water moccasin bites you but does no damage.
You feel very sick.
You feel sick.
You feel sick. You block the water moccasin's attack.
You feel sick.
You feel sick.
You feel sick. The water moccasin barely misses you.
You feel sick.
You feel sick.
The water moccasin bites you but does no damage.
The water moccasin bites you.
* * * LOW HITPOINT WARNING * * *
You feel sick.
You feel sick.
You are no longer poisoned.
You block the water moccasin's attack. x2
You block the water moccasin's attack.
The water moccasin bites you but does no damage.
The water moccasin bites you.
* * * LOW HITPOINT WARNING * * *
The water moccasin bites you!
* * * LOW HITPOINT WARNING * * *
You are lethally poisoned!
The water moccasin poisons you!
* * * LOW HITPOINT WARNING * * *
You feel very sick.
You die...

#.# ######## #.#
#<|....# #.#
######.##### #o####
#.#.o.# #....#
######.#.#.# ####.#
#......#S#.######.#
##.###.#.#.o.ooo..#
#.#####@#..#######
#.......#....#
#########.##.#
#.##.# #....#
######


You could see a water moccasin and an orc.

Vanquished Creatures
  A sky beast (D:5)
  A necrophage (D:6)
  2 centaurs (D:5)
  A wyvern zombie (D:5)
  A gnoll sergeant (D:5)
  A hound (D:4)
  3 jellies
  2 orc wizards (D:5)
  2 iguanas
  A killer bee zombie (D:5)
  A hound zombie (D:5)
  A hound skeleton (D:5)
  A howler monkey skeleton (D:6)
  7 gnolls
  8 adders
  A white imp (D:6)
  An adder skeleton (D:4)
  A worm (D:4)
  6 dart slugs
  9 orcs
  4 ball pythons
  A bat (D:2)
  4 endoplasms
  3 giant cockroaches
  6 goblins
  8 hobgoblins
  6 jackals (D:3)
  7 kobolds
  3 quokkas
  A frilled lizard (D:1)
  7 rats
101 creatures vanquished.

Notes
Turn   | Place    | Note
-------+----------+-------------------------------------------
     0 | D:1      | deletemesenpai the Hill Orc Fighter began the quest for the
                  | Orb.
     0 | D:1      | Reached XP level 1. HP: 19/19 MP: 1/1
   242 | D:1      | Reached XP level 2. HP: 16/27 MP: 2/2
   393 | D:1      | Reached skill level 3 in Axes
   900 | D:2      | Found a faded altar of an unknown god.
  1008 | D:2      | Reached XP level 3. HP: 32/33 MP: 3/3
  1159 | D:2      | Found Pumpuyt's Assorted Antiques.
  1736 | D:3      | Reached skill level 4 in Axes
  1736 | D:3      | Reached XP level 4. HP: 27/40 MP: 4/4
  2133 | D:3      | Reached XP level 5. HP: 34/46 MP: 5/5
  2137 | D:3      | Reached skill level 5 in Axes
  2330 | D:3      | Found Osufups's Jewellery Shop.
  2790 | D:3      | Found an opulent altar of Gozag.
  3232 | D:4      | Reached XP level 6. HP: 39/52 MP: 6/6
  3721 | D:4      | Reached skill level 6 in Axes
  4026 | D:5      | Entered Level 5 of the Dungeon
  4465 | D:5      | Found a staircase to the Ecumenical Temple.
  4500 | D:5      | Reached XP level 7. HP: 35/60 MP: 7/7
  4679 | D:5      | Reached skill level 7 in Axes
  4679 | D:5      | Reached skill level 5 in Shields
  4682 | D:5      | Reached skill level 1 in Throwing
  4896 | D:5      | Found a stormy altar of Qazlal.
  5234 | D:5      | Reached skill level 5 in Armour
  5495 | D:5      | Became a worshipper of Beogh the Brigand
  5560 | D:5      | Reached skill level 8 in Axes
  5894 | D:5      | Reached XP level 8. HP: 7/67 MP: 8/8
  6634 | D:6      | Found a hazy altar of Hepliaklqana.
  6800 | D:6      | Found Hiuscham's Antique Weapon Emporium.
  6994 | D:7      | HP: 2/67 [poisoned by a water moccasin]
  6995 | D:7      | Succumbed to a water moccasin's poison

Illustrated notes

Levels and vault maps discovered:
D:1:      dpeg_arrival_solitude, layout_rooms, roderic_serpentine_path
D:2:      layout_basic, shapermc_ecumenical_altar_mp_highgroup, serial_shops,
          nicolae_shop_trees
D:3:      layout_loops_ring, lemuel_coloured_pillars_altar, serial_shops,
          shop_fountains
D:4:      minmay_general_purpose_star, layout_basic, solitary_fountain
D:5:      layout_basic, kennysheep_mini_moat, minmay_temple_entry_arrows
D:6:      layout_gridville, lemuel_crystal_altar, serial_shops, shop
D:7:      layout_basic, jmf_multi_god_temple2

Skill      XL: |  1  2  3  4  5  6  7 |
---------------+----------------------+-----
Axes           | 3 4 5 6 8 |  8.7
Fighting       | 4 |  4.9
Shields        | 4 5 |  5.9
Armour         | 4 5 |  5.1
Throwing       | 1 |  1.2

Action                   |  1- 3 |  4- 6 |  7- 9 || total
-------------------------+-------+-------+-------++-------
Melee: War axe           |    79 |   221 |    99 ||   399
Throw: Javelin           |       |     5 |       ||     5
       Dart              |       |     3 |    14 ||    17
Invok: Convert to Beogh  |       |       |     1 ||     1
  Use: Potion            |       |       |     1 ||     1
Armor: Scale mail        |    21 |       |       ||    21
       Chain mail        |    14 |   130 |    76 ||   220
Dodge: Dodged            |    27 |    47 |    28 ||   102
Block: Kite shield       |    34 |   119 |    70 ||   223

Table legend: (Time is in decaauts)
 A = Elapsed time spent in this place.
 B = Non-inter-level travel time spent in this place.
 C = Inter-level travel time spent in this place.
 D = Time resting spent in this place.
 E = Time spent auto-exploring this place.
 F = Levels seen in this place.
 G = Mean time per level.
                   A        B        C        D        E       F      G
               +--------+--------+--------+--------+--------+-----+--------+
         Total |   7173 |   7043 |    130 |   1573 |   3812 |   7 | 1024.7 |
       Dungeon |   7173 |   7043 |    130 |   1573 |   3812 |   7 | 1024.7 |
               +--------+--------+--------+--------+--------+-----+--------+

Top non-repeatable levels by time:
     D:5: 1990 daAuts
     D:4: 1224 daAuts
     D:3: 1144 daAuts
     D:6: 934 daAuts
     D:2: 891 daAuts
     D:1: 881 daAuts
     D:7: 105 daAuts
